 Dungeon Crawl Stone Soup version 0.29-a0-998-g1987434951 (webtiles) character file.

Game seed: 1756408649552888290

175 Sweeb the Slasher (level 5, -1/33 HPs)
             Began as a Tengu Monk on Aug 6, 2022.
             Slain by an ogre
             ... wielding a +0 giant club
              (18 damage)
             ... on level 4 of the Dungeon.
             The game lasted 00:04:35 (3725 turns).

Sweeb the Slasher (Tengu Monk)                      Turns: 3725, Time: 00:04:35

Health: -1/33      AC:  4    Str: 21    XL:     5   Next: 55%
Magic:  6/6        EV: 16    Int: 10    God:
Gold:   1182       SH:  0    Dex: 17    Spells: 4/4 levels left

rFire   . . .      SeeInvis .   h - +5 long sword (holy)
rCold   . . .      Faith    .   (no shield)
rNeg    . . .      Spirit   .   b - +0 robe
rPois   .          Reflect  .   (helmet restricted)
rElec   .          Harm     .   (no cloak)
rCorr   .          Rampage  .   (no gloves)
Will    .....                   (boots unavailable)
Stlth   ++........              (no amulet)
HPRegen 0.00/turn               r - +6 ring of strength
MPRegen 0.10/turn               (no ring)

@: flying quickly and evasively, inhibited regen, quick
A: beak, talons 3, nimble flight, iridescent scales 1, inhibited regeneration,
strong 1
a: no special abilities


You were on level 4 of the Dungeon.
You visited 2 branches of the dungeon, and saw 5 of its levels.

You collected 1394 gold pieces.
You spent 212 gold pieces at shops.

Inventory:

Hand Weapons
 a - a +1 falchion
 h - a +5 long sword of holy wrath (weapon)
 l - a +0 falchion of protection
Armour
 b - a +0 robe (worn)
Jewellery
 p - an amulet of faith
 r - a +6 ring of strength (left hand)
Wands
 k - a wand of flame (12)
 n - a wand of mindburst (17)
 o - a wand of digging (1)
Scrolls
 q - a scroll of magic mapping
Potions
 c - 2 potions of ambrosia
 d - a potion of curing
 e - a potion of might {unknown}
 f - a potion of heal wounds
 g - a potion of invisibility {unknown}
 i - 3 potions of lignification
 j - 2 potions of attraction
 m - 2 potions of brilliance {unknown}
 s - a potion of berserk rage {unknown}


   Skills:
 + Level 3.7 Fighting
 * Level 4.9 Long Blades
 + Level 4.1 Dodging
 + Level 3.1 Stealth


You had 4 spell levels left.
You didn't know any spells.
Your spell library contained the following spells:

 Spells                   Type           Power      Damage    Failure   Level
 Beastly Appendage        Tmut           0%         N/A       36%         1
 Sandblast                Erth           0%         2d4       36%         1
 Summon Small Mammal      Summ           0%         N/A       36%         1
 Passwall                 Tmut/Erth      0%         N/A       50%         2
 Poisonous Vapours        Pois/Air       0%         N/A       50%         2
 Wereblood                Tmut           0%         N/A       50%         2
 Call Canine Familiar     Summ           0%         N/A       75%         3
 Spider Form              Tmut/Pois      0%         N/A       75%         3
 Stone Arrow              Conj/Erth      0%         3d7       75%         3
 Summon Guardian Golem    Hex/Summ       0%         N/A       75%         3
 Teleport Other           Tloc           0%         N/A       75%         3
 Corpse Rot               Necr/Pois/Air  0%         N/A       98%         4
 Manifold Assault         Tloc           0%         N/A       100%        5
 Iron Shot                Conj/Erth      0%         9d1       100%        6


Dungeon Overview and Level Annotations

Branches:
Dungeon (4/15)             Temple (1/1) D:4

Altars:
Ashenzari
Cheibriados
Fedhas
Gozag
Kikubaaqudgha
Makhleb
Nemelex Xobeh
Okawaru
Ru
Sif Muna
Vehumet
Wu Jian
Xom
Yredelemnul
Zin
The Shining One

Shops:
D:2 *

Annotations:
D:3 4 runed translucent doors, Crazy Yiuf; IdlyInterested's ghost, amateur DsGl


Innate Abilities, Weirdness & Mutations

You have a beak for a mouth.
You have claws for feet.
Your magical nature lets you fly swiftly and evasively.
You are partially covered in iridescent scales. (AC +2)
You do not regenerate when monsters are visible.
Your muscles are strong. (Str +4, Int/Dex -1)


Message History

You slash the giant cockroach!
You kill the giant cockroach!
You slash the quokka!
You kill the quokka!
You slash the giant cockroach!
You kill the giant cockroach!
A rat comes into view.
A rat is nearby!
You hit the rat.
You kill the rat!
No target in view!
You reach down and open the door.
There is an open door here.
You hear the rapid rusting of a drain very nearby.
A goblin is nearby!
The goblin shouts!
The goblin hits you with a +0 club.
You slash the goblin!
You kill the goblin!
No target in view!
No target in view!
No target in view!
No target in view!
An ogre comes into view. It is wielding a +0 giant club.
An ogre is nearby!
An ogre is nearby!
The ogre shouts!
You barely miss the ogre. You claw the ogre.
The ogre is lightly wounded.
The ogre hits you with a +0 giant club!
You closely miss the ogre. Your kick misses the ogre.
The ogre is lightly wounded.
You hit the ogre.
The ogre is lightly wounded.
The ogre hits you with a +0 giant club.
You hit the ogre.
The ogre is moderately wounded.
The ogre hits you with a +0 giant club!!
Ouch! That really hurt!
You die...

##.########...####.#.'##'..#.#
.......#.........#.#.....#.#.#
##.###.#.⌠..>..⌠......####.#.#
##.###.#..........##.#####.#.#
#.......###...######.# #.....#
#......## #.⌠.# ####.# #.#.###
#.###..# #...###.##.# #.#.#
#.###..## ##.......#.###...#
......... #....O@.....)....##
..........+.................#
##.#...####.........####...##
#.##.## ##.......## ##.## .#
## ##.....## #.# .# ##...##
#.# .# ##+## #.# .# #.# #.#


You could see an ogre.

Vanquished Creatures
  An orc wizard (D:3)
  3 gnolls (D:4)
  3 adders
  A worm (D:2)
  2 dart slugs
  11 orcs (D:3)
  3 ball pythons
  3 endoplasms
  5 giant cockroaches
  5 hobgoblins
  8 jackals
  3 quokkas
  9 bats
  7 frilled lizards
  4 goblins
  4 kobolds
  3 rats
75 creatures vanquished.

Notes
Turn   | Place    | Note
-------+----------+-------------------------------------------
     0 | D:1      | Sweeb the Tengu Monk began the quest for the Orb.
     0 | D:1      | Reached XP level 1. HP: 14/14 MP: 2/2
    56 | D:1      | Reached XP level 2. HP: 7/19 MP: 3/3
   787 | D:1      | Reached XP level 3. HP: 18/23 MP: 4/4
  1046 | D:1      | Identified a scroll of acquirement
  1046 | D:1      | Acquired 1148 gold pieces
  1051 | D:1      | Gained mutation: Your muscles are strong. (Str +4, Int/Dex
                  | -1) [potion of mutation]
  1051 | D:1      | Gained mutation: You do not regenerate when monsters are
                  | visible. [potion of mutation]
  1051 | D:1      | Gained mutation: You are partially covered in iridescent
                  | scales. (AC +2) [potion of mutation]
  1071 | D:2      | Found a faded altar of an unknown god.
  1457 | D:2      | Found Luacu's Assorted Antiques.
  1523 | D:2      | Bought a glowing long sword for 110 gold pieces
  1523 | D:2      | Bought a scroll labelled SIMMOL MASALU for 17 gold pieces
  1524 | D:2      | Bought a scroll labelled HUOSTOK XODAGI for 17 gold pieces
  1524 | D:2      | Bought a scroll labelled WADGHA NALOXTOGE for 17 gold
                  | pieces
  1524 | D:2      | Bought a scroll labelled COGULO QAOX for 17 gold pieces
  1524 | D:2      | Bought a scroll labelled WUDEPUZ LIURAA for 17 gold pieces
  1524 | D:2      | Bought a scroll labelled HOIDIWKURUI for 17 gold pieces
  1861 | D:3      | Found a runed translucent gate.
  1869 | D:3      | Found a runed translucent gate.
  1870 | D:3      | Found a runed translucent gate.
  1872 | D:3      | Noticed IdlyInterested's ghost (amateur DsGl)
  1896 | D:3      | Reached XP level 4. HP: 28/28 MP: 5/5
  1896 | D:3      | Found a radiant altar of Vehumet.
  2285 | D:3      | Got the Quarto of Coordinates and Bedrock
  2371 | D:3      | Found an opulent altar of Gozag.
  2513 | D:3      | Found a burning altar of Makhleb.
  2615 | D:3      | Gained mutation: Your magical nature lets you fly swiftly
                  | and evasively. [Tengu growth]
  2615 | D:3      | Reached XP level 5. HP: 25/32 MP: 6/6
  2741 | D:3      | Found a runed translucent door.
  2742 | D:3      | Noticed Crazy Yiuf
  2895 | D:3      | Found a glowing silver altar of Zin.
  3056 | D:4      | Found a staircase to the Ecumenical Temple.
  3064 | Temple   | Entered the Ecumenical Temple
  3232 | D:4      | Found a shimmering altar of Xom.
  3718 | D:4      | Noticed an ogre
  3725 | D:4      | Slain by an ogre

Illustrated notes

Levels and vault maps discovered:
D:1:      matt_arrival_los_fun, layout_rooms, grunt_decor_resistance
D:2:      layout_rooms, serial_shops, nicolae_shop_hallway_stairs,
          shapermc_ecumenical_altar_venn
D:3:      layout_basic, pdpol_temple_overflow_zin_treasury_gozag_greed,
          mainiacjoe_overflow_surrounded_room, vehumet_altar_wand_db,
          gammafunk_ghost_necromancy, minmay_pentomino_pile,
          uniq_crazy_yiuf_cottage
D:4:      layout_loops_corners, xom_butterflies, minmay_temple_entry_junction,
          gup_sewer_entry_bowl
Temple:   nicolae_temple_bog_church

Skill      XL: |  1  2  3  4 |
---------------+-------------+-----
Long Blades    | 4 |  4.9
Dodging        | 4 |  4.1
Stealth        | 3 |  3.1
Fighting       | |  3.7

Action                   |  1- 3 |  4- 6 || total
-------------------------+-------+-------++-------
Melee: Falchion          |    69 |       ||    69
       Kick              |    15 |     8 ||    23
       Peck              |     9 |     7 ||    16
       Punch             |     1 |       ||     1
       Long sword        |     5 |    66 ||    71
  Use: Scroll            |    13 |     3 ||    16
       Potion            |     1 |       ||     1
 Stab: Sleeping          |     7 |     3 ||    10
Armor: Robe              |    10 |    14 ||    24
Dodge: Dodged            |    64 |    32 ||    96

Table legend: (Time is in decaauts)
 A = Elapsed time spent in this place.
 B = Non-inter-level travel time spent in this place.
 C = Inter-level travel time spent in this place.
 D = Time resting spent in this place.
 E = Time spent auto-exploring this place.
 F = Levels seen in this place.
 G = Mean time per level.
                   A        B        C        D        E       F      G
               +--------+--------+--------+--------+--------+-----+--------+
         Total |   3654 |   3599 |     55 |    819 |   2317 |   5 |  730.8 |
       Dungeon |   3520 |   3476 |     44 |    819 |   2204 |   4 |  880.0 |
        Temple |    133 |    122 |     11 |      0 |    112 |   1 |  133.0 |
               +--------+--------+--------+--------+--------+-----+--------+

Top non-repeatable levels by time:
     D:3: 1094 daAuts
     D:1: 1074 daAuts
     D:2: 790 daAuts
     D:4: 561 daAuts
  Temple: 133 daAuts
